 Seeded DCSS version 0.29-a0-870-g2c972031a6 (webtiles) character file.

Game seed: 20220717 (custom seed)

5 flotson the Sneak (level 1, 0/18 HPs)
             Began as a Demonspawn Delver on July 17, 2022.
             Slain by a shadow imp (1 damage)
             ... on level 4 of the Dungeon.
             The game lasted 00:00:28 (24 turns).

flotson the Sneak (Demonspawn Delver)                 Turns: 24, Time: 00:00:28

Health: 0/18       AC:  3    Str: 12    XL:     1   Next: 66%
Magic:  1/1        EV: 11    Int: 11    God:
Gold:   0          SH:  0    Dex: 14    Spells: 0/0 levels left

rFire   . . .      SeeInvis .   a - +0 spear
rCold   . . .      Faith    .   (no shield)
rNeg    . . .      Spirit   .   b - +0 leather armour
rPois   .          Reflect  .   (no helmet)
rElec   .          Harm     .   (no cloak)
rCorr   .          Rampage  .   (no gloves)
Will    .....                   (no boots)
Stlth   ++........              (no amulet)
HPRegen 0.06/turn               (no ring)
MPRegen 0.07/turn               (no ring)

@: hasted, very quick
A: no striking features
a: no special abilities


You were on level 4 of the Dungeon.
You visited 1 branch of the dungeon, and saw 2 of its levels.

Inventory:

Hand Weapons
 a - a +0 spear (weapon)
Armour
 b - a +0 leather armour (worn)
Wands
 g - a wand of digging (3)
Scrolls
 c - a scroll of fog
 e - a scroll of fear


   Skills:
 + Level 3.0 Fighting
 + Level 0.2(1.1) Axes
 - Level 1.7(1.8) Polearms
 + Level 0.2 Armour
 + Level 1.9 Dodging
 - Level 4.5 Stealth
 + Level 0.3 Evocations


You couldn't memorise any spells.
You didn't know any spells.
Your spell library was empty.

Dungeon Overview and Level Annotations

Branches:
Dungeon (5/15)
 Temple: D:4-7

Altars:


Message History

The shadow imp gestures at you. Pain shoots through your body!
Found a stone staircase leading up.
The ufetubus shouts!
The ufetubus misses you. The ufetubus hits you.
The ufetubus attacks as you move away! The ufetubus misses you.
The ufetubus hits you but does no damage.
The ufetubus barely misses you. The ufetubus completely misses you.
The shadow imp completely misses you.
There is a stone staircase leading up here.
The ufetubus misses you. x2; The ufetubus closely misses you.
The ufetubus barely misses you. The shadow imp barely misses you.
You climb upwards.
You hear the hiss of flowing sand.
There is an entrance to an ossuary on this level.
Hurry and find it before the portal is buried!
Found a scroll labelled JEGABYL WUMIRCH.
Found a stone staircase leading down.
There is a stone staircase leading down here.
You feel yourself speed up.
The ufetubus hits you but does no damage.
The ufetubus hits you. The shadow imp hits you.
You closely miss the ufetubus. The ufetubus misses you.
The ufetubus barely misses you.
You barely miss the ufetubus. The ufetubus hits you.
* * * LOW HITPOINT WARNING * * *
The ufetubus barely misses you. The shadow imp gestures at you.
Pain shoots through your body!
* * * LOW HITPOINT WARNING * * *
You hit the ufetubus.
You kill the ufetubus!
The shadow imp hits you but does no damage.
You closely miss the shadow imp. You hit the shadow imp.
The shadow imp is moderately wounded.
The shadow imp misses you.
You hit the shadow imp.
The shadow imp is heavily wounded.
The shadow imp hits you.
You die...

...# # ... #.
... # .####
?.# .#
#.....##..#...
##.#........
#........#
#...5@..#
##.#.>#..#
#... ## #....
###..# ###


You could see a shadow imp.

Vanquished Creatures
  An ufetubus (D:4)
1 creature vanquished.

Notes
Turn   | Place    | Note
-------+----------+-------------------------------------------
     0 | D:5      | flotson the Demonspawn Delver began the quest for the Orb.
     0 | D:5      | Reached XP level 1. HP: 18/18 MP: 1/1
    24 | D:4      | Slain by a shadow imp

Illustrated notes

Levels and vault maps discovered:
D:4:      layout_cave_pools, grunt_temple_overflow_growth_and_decay,
          nicolae_ossuary_entry_plus
D:5:      layout_rooms, serial_demonic, serial_demonic_f, serial_demonic_e,
          serial_demonic_b, serial_demonic_f, serial_shops, shop,
          bh_walls_and_bars

Action                   || total
-------------------------++-------
Melee: Spear             ||     6
  Use: Scroll            ||     1
       Potion            ||     1
Armor: Leather armour    ||     3
Dodge: Dodged            ||    14

Table legend: (Time is in decaauts)
 A = Elapsed time spent in this place.
 B = Non-inter-level travel time spent in this place.
 C = Inter-level travel time spent in this place.
 D = Time resting spent in this place.
 E = Time spent auto-exploring this place.
 F = Levels seen in this place.
 G = Mean time per level.
                   A        B        C        D        E       F      G
               +--------+--------+--------+--------+--------+-----+--------+
         Total |     22 |     22 |      0 |      0 |      0 |   2 |   11.0 |
       Dungeon |     22 |     22 |      0 |      0 |      0 |   2 |   11.0 |
               +--------+--------+--------+--------+--------+-----+--------+

Top non-repeatable levels by time:
     D:5: 17 daAuts
     D:4: 5 daAuts
